[Event "Titled Tuesday Blitz November 01 Early 2022"]
[White "Donchenko, Alexander"]
[Black "Gubajdullin, Alexei"]
[WhiteFideId "24603295"]
[BlackFideId "4141202"]
[WhiteElo "2572"]
[BlackElo "2200"]
[Result "1/2-1/2"]
[Round "07"]
[TimeControl "180+1"]
[Date "2022.11.02"]
[WhiteClock "0:00:57"]
[BlackClock "0:00:06"]

1. Nf3 Nf6 2. c4 g6 3. Nc3 Bg7 4. e4 d6 5. d4 O-O 6. Be2 Na6 7. O-O e5 8. dxe5 dxe5 9. Qxd8 Rxd8 10. h3 Nc5 11. Bg5 Re8 12. Nd2 Ne6 13. Be3 Nd4 14. Bd3 c6 15. Nb3 Nd7 16. Rfd1 a5 17. Ne2 Ne6 18. a4 Bf8 19. Rac1 Ndc5 20. Nxc5 Bxc5 21. Bxc5 Nxc5 22. Bc2 Be6 23. b3 Red8 24. g3 Kf8 25. f4 f6 26. h4 Ke7 27. Kf2 h6 28. Rxd8 Rxd8 29. Rd1 Rxd1 30. Bxd1 Nxe4+ 31. Ke3 Nc5 32. fxe5 fxe5 33. Bc2 g5 34. hxg5 hxg5 35. Ng1 Kf6 36. Nf3 Bf5 37. Bd1 Bg4 38. Bc2 Bf5 39. Bd1 Bg4 40. Bc2 Bxf3 41. Kxf3 e4+ 42. Ke3 Ke5 43. Bd1 Ne6 44. Bg4 Nd4 45. Bc8 b6 46. Bb7 Nf5+ 47. Kf2 Kd6 48. Bc8 Nd4 49. Ke3 Ke5 50. Bb7 Nf5+ 51. Kf2 e3+ 52. Kf3 Kd6 53. Bc8 e2 54. Kxe2 Nxg3+ 55. Kf3 Nh5 56. Kg4 Nf6+ 57. Kxg5 Ne4+ 58. Kf4 Nd2 59. Ke3 Nxb3 60. Bf5 Kc5 61. Bd7 Kxc4 62. Bxc6 Nc5 63. Be8 Kb4 64. Kd4 Nxa4 65. Kd3 b5 66. Kc2 Nc5 67. Kb2 a4 68. Ka2 Ka5 69. Kb2 b4 70. Ka2 Ne4 71. Bf7 Nc3+ 72. Kb2 Kb6 73. Be8 Kc5 74. Bd7 Kd4 75. Be8 b3 76. Bxa4 Nxa4+ 77. Kxb3 1/2-1/2


[Site "https://www.chess.com"]

[Event "Titled Tuesday Blitz November 01 Early 2022"]
[White "Dubov, Daniil"]
[Black "Zhigalko, Sergei"]
[WhiteFideId "24126055"]
[BlackFideId "13502956"]
[WhiteElo "2791"]
[BlackElo "2662"]
[Result "1-0"]
[Round "07"]
[TimeControl "180+1"]
[Date "2022.11.01"]
[WhiteClock "0:00:18"]
[BlackClock "0:00:02"]

1. e4 c5 2. Nf3 Nc6 3. Bb5 Nf6 4. Nc3 Qc7 5. d3 d6 6. O-O e6 7. Ba4 Bd7 8. Ne2 Be7 9. Ng3 O-O 10. c3 Rac8 11. h3 Qa5 12. Bc2 Rfd8 13. Re1 Ne5 14. Nh2 b5 15. Bg5 h6 16. Be3 b4 17. c4 Nc6 18. f4 Nd4 19. Nf3 Qb6 20. Bxd4 cxd4 21. Ba4 Bxa4 22. Qxa4 Nd7 23. Qc2 Nc5 24. Qe2 b3 25. a3 a5 26. Rf1 a4 27. Rad1 Re8 28. f5 exf5 29. Nxf5 Bf6 30. Nh2 Be5 31. Ng4 Re6 32. Nxe5 dxe5 33. Qg4 g6 34. Nxh6+ Kf8 35. Rxf7+ Ke8 36. Rdf1 Rc7 37. Rf8+ Kd7 38. R1f6 Qd6 39. Nf7 Qe7 40. Ng5 1-0


[Site "https://www.chess.com"]

[Event "Titled Tuesday Blitz November 01 Early 2022"]
[White "Estrada Nieto, Julian"]
[Black "Fernandez Hernandez, Gerardo"]
[WhiteFideId "5101018"]
[BlackFideId "2207400"]
[WhiteElo "2252"]
[BlackElo "2238"]
[Result "1-0"]
[Round "07"]
[TimeControl "180+1"]
[Date "2022.11.02"]
[WhiteClock "0:00:23"]
[BlackClock "0:00:01"]

1. e4 e6 2. d4 d5 3. Nd2 Nc6 4. Ngf3 Nf6 5. e5 Nd7 6. Be2 f6 7. exf6 Qxf6 8. Nf1 Bd6 9. Ne3 O-O 10. O-O Nb6 11. Ng4 Qg6 12. h3 Bd7 13. Bd3 Qh5 14. Nfe5 Be8 15. Be2 Qh4 16. Nf3 Qe7 17. Bg5 Qf7 18. c3 h6 19. Bxh6 Qg6 20. Bd3 Qh5 21. Be3 Bg6 22. Bxg6 Qxg6 23. Qb1 Qh5 24. Qd1 Rf7 25. Nfe5 Nxe5 26. Nf6+ Rxf6 27. Qxh5 Ng6 28. Rfe1 Raf8 29. Bg5 Nf4 30. Bxf4 Bxf4 31. Qg4 Re8 32. Re2 Nc4 33. Rae1 Kf7 34. Qh5+ Kf8 35. g3 Bh6 36. h4 Nd6 37. Qg4 Kf7 38. b3 Ne4 39. Qh5+ Rg6 40. Kg2 1-0


[Site "https://www.chess.com"]

[Event "Titled Tuesday Blitz November 01 Early 2022"]
[White "Fernandez De La Vara, Arnaldo"]
[Black "Svane, Rasmus"]
[WhiteFideId "3518388"]
[BlackFideId "4657101"]
[WhiteElo "2387"]
[BlackElo "2674"]
[Result "1/2-1/2"]
[Round "07"]
[TimeControl "180+1"]
[Date "2022.11.01"]
[WhiteClock "0:00:06"]
[BlackClock "0:00:02"]

1. Nf3 d5 2. c4 e6 3. b3 c5 4. Bb2 d4 5. g3 Nc6 6. Bg2 e5 7. O-O Bd6 8. d3 Nf6 9. a3 O-O 10. b4 cxb4 11. axb4 Bxb4 12. Nbd2 a5 13. Ne1 Re8 14. Nc2 Bf8 15. Ba3 Bf5 16. Bxf8 Rxf8 17. Qb1 Qc7 18. Qb5 Rfb8 19. Rfb1 Bd7 20. Qb6 Qc8 21. Qc5 Bg4 22. Bxc6 Qxc6 23. Qxe5 Re8 24. Qf4 Bxe2 25. Nxd4 Qd7 26. Nxe2 Rxe2 27. Nb3 Ng4 28. Nc5 Qc8 29. Ne4 Rc2 30. h3 Nh6 31. g4 f5 32. Nd6 Qc6 33. Rxb7 Rf8 34. Rxg7+ Kxg7 35. Qg5+ Kh8 36. Qxh6 Qa8 37. Rxa5 Rc1+ 38. Qxc1 Qxa5 39. Qb2+ Kg8 40. Nxf5 Rf7 41. Nh6+ Kf8 42. Qh8+ Ke7 43. Nxf7 Qe1+ 44. Kg2 Kxf7 45. Qxh7+ Kf8 46. Qf5+ Kg8 47. h4 Qe2 48. h5 Qe7 49. h6 Qf7 50. Qxf7+ Kh8 51. Kf3 1/2-1/2


[Site "https://www.chess.com"]

[Event "Titled Tuesday Blitz November 01 Early 2022"]
[White "Fernandez Siles, Luis"]
[Black "Namitbir Singh Walia"]
[WhiteFideId "2209420"]
[BlackFideId "35071068"]
[WhiteElo "2186"]
[BlackElo "2239"]
[Result "1-0"]
[Round "07"]
[TimeControl "180+1"]
[Date "2022.11.02"]
[WhiteClock "0:00:16"]
[BlackClock "0:00:17"]

1. e4 c5 2. Nf3 Nc6 3. d4 cxd4 4. Nxd4 g6 5. c4 Nf6 6. Nc3 Nxd4 7. Qxd4 d6 8. Be2 Bg7 9. Be3 O-O 10. Qd2 Qa5 11. f3 Be6 12. b3 a6 13. Rc1 Rfc8 14. Na4 Qxd2+ 15. Kxd2 Nd7 16. g4 Rab8 17. h4 f5 18. exf5 gxf5 19. g5 d5 20. cxd5 Bxd5 21. Nb6 Nxb6 22. Bxb6 Bb2 23. Rc5 e6 24. Rb1 Be5 25. Ke3 Bd6 26. Rxc8+ Rxc8 27. Bd3 Kf7 28. f4 Kg6 29. Bd4 Kh5 30. Be2+ Kxh4 31. Bf3 Bxf3 32. Kxf3 Kh5 33. Rh1+ Kg6 34. Rh6+ Kf7 35. Rxh7+ Kg6 36. Rh6+ Kf7 37. g6+ Ke7 38. Rh7+ Kd8 39. Rh8+ 1-0


[Site "https://www.chess.com"]

[Event "Titled Tuesday Blitz November 01 Early 2022"]
[White "Fier, Alexandr"]
[Black "Dushyant Sharma"]
[WhiteFideId "2107139"]
[BlackFideId "25065130"]
[WhiteElo "2607"]
[BlackElo "2270"]
[Result "1-0"]
[Round "07"]
[TimeControl "180+1"]
[Date "2022.11.02"]
[WhiteClock "0:01:44"]
[BlackClock "0:00:14"]

1. d4 d5 2. Bg5 h6 3. Bh4 Nf6 4. Bxf6 exf6 5. e3 Bd6 6. c4 dxc4 7. Bxc4 Nd7 8. Qf3 Nb6 9. Bb3 Qe7 10. Ne2 c6 11. Nbc3 Be6 12. Bxe6 fxe6 13. O-O O-O 14. Rfd1 Rad8 15. Rac1 e5 16. d5 cxd5 17. Nxd5 Nxd5 18. Qxd5+ Kh8 19. Nc3 Bb4 20. Qb3 Bxc3 21. Qxc3 f5 22. h3 Kh7 23. Qc2 e4 24. g3 Rxd1+ 25. Rxd1 Rd8 26. Rc1 Rd5 27. h4 Qd6 28. Qc8 Rd1+ 29. Kg2 Rxc1 30. Qxc1 Qd5 31. Qc8 Kg6 32. Qe8+ Qf7 33. Qb8 b6 34. b3 Qd7 35. Qe5 Kh7 36. h5 Qf7 37. g4 g6 38. hxg6+ Kxg6 39. Kg3 Kg5 40. b4 h5 41. gxf5 Qxf5 42. Qg7+ Qg6 43. Qxg6+ Kxg6 44. Kf4 Kf6 45. Kxe4 Kg5 46. Kf3 Kh4 47. Kf4 b5 48. Kf5 a6 49. e4 Kh3 50. Kg5 Kg2 51. Kxh5 1-0


[Site "https://www.chess.com"]

[Event "Titled Tuesday Blitz November 01 Early 2022"]
[White "Fudalej, Michal"]
[Black "Jovic, Stanoje"]
[WhiteFideId "1118781"]
[BlackFideId "905020"]
[WhiteElo "2088"]
[BlackElo "2238"]
[Result "1-0"]
[Round "07"]
[TimeControl "180+1"]
[Date "2022.11.02"]
[WhiteClock "0:00:08"]
[BlackClock "0:00:25"]

1. Nf3 Nf6 2. g3 b5 3. Bg2 Bb7 4. O-O e6 5. b3 c6 6. Bb2 d5 7. d3 Be7 8. Nbd2 O-O 9. e4 a5 10. a4 Na6 11. Nd4 Qb6 12. e5 Nd7 13. Qe2 Nac5 14. Bc3 f5 15. exf6 Bxf6 16. Kh1 Rfe8 17. axb5 cxb5 18. f4 a4 19. N2f3 axb3 20. cxb3 b4 21. Bb2 e5 22. fxe5 Nxe5 23. Nxe5 Rxe5 24. Qc2 Rae8 25. Rac1 Na6 26. Bf3 g6 27. Kg2 Kg7 28. Rf2 Bc8 29. Rcf1 Rh5 30. h4 Bxd4 31. Bxd4+ Qxd4 32. Bxh5 gxh5 33. Qc6 Re7 34. Qxc8 Qe5 35. Qf8+ 1-0


[Site "https://www.chess.com"]

[Event "Titled Tuesday Blitz November 01 Early 2022"]
[White "Garv Gaur"]
[Black "Shapiro, Daniel"]
[WhiteFideId "45030839"]
[BlackFideId "2001780"]
[WhiteElo "1960"]
[BlackElo "2242"]
[Result "1-0"]
[Round "07"]
[TimeControl "180+1"]
[Date "2022.11.02"]
[WhiteClock "0:00:09"]
[BlackClock "0:00:04"]

1. d4 Nf6 2. Nf3 b6 3. c4 e6 4. g3 Bb4+ 5. Bd2 Be7 6. Bg2 c6 7. O-O Ba6 8. Qc2 d5 9. b3 Nbd7 10. Rd1 O-O 11. Bf4 Rc8 12. Ne5 c5 13. dxc5 Bxc5 14. Nd2 Nh5 15. Nxd7 Nxf4 16. Nxf8 Nxg2 17. Kxg2 Bxf8 18. Nf3 Qf6 19. Qd2 dxc4 20. bxc4 Bxc4 21. Rac1 b5 22. Qc3 Qxc3 23. Rxc3 Rb8 24. Rc2 g6 25. Ne5 Bd5+ 26. f3 Bg7 27. Nd7 Ra8 28. e4 Bc4 29. Nc5 Bf8 30. Nb3 a5 31. Nd2 Rd8 32. Rdc1 Ba3 33. Rh1 Bd3 34. Rc7 a4 35. Nb1 Bb2 36. Rd1 Rd4 37. Nc3 e5 38. Nd5 Bc4 39. Rxd4 exd4 40. Nf6+ Kg7 41. Ne8+ Kf8 42. Nd6 Bxa2 43. Nxb5 d3 44. Rd7 Bb1 45. Nd6 a3 46. Rxf7+ Kg8 47. Rb7 Kf8 48. Nc4 Kg8 49. Nxb2 a2 50. Ra7 a1=Q 51. Rxa1 Bc2 52. Nd1 d2 53. Nf2 Kf7 54. Ra2 d1=Q 55. Nxd1 Bxd1 56. Rd2 Bb3 57. Rd7+ Kg8 58. f4 Bf7 59. e5 Kf8 60. Rc7 Bg8 61. Kf2 h5 62. Ke3 Be6 63. Kd4 Bg4 64. Kc5 Ke8 65. Kd6 Kf8 66. Ra7 Bf5 67. e6 Kg8 68. e7 1-0


[Site "https://www.chess.com"]

[Event "Titled Tuesday Blitz November 01 Early 2022"]
[White "Gheorghiu, Calin"]
[Black "Zaksaite, Salomeja"]
[WhiteFideId "1200305"]
[BlackFideId "12801496"]
[WhiteElo "2225"]
[BlackElo "2094"]
[Result "1-0"]
[Round "07"]
[TimeControl "180+1"]
[Date "2022.11.02"]
[WhiteClock "0:01:05"]
[BlackClock "0:00:01"]

1. d4 Nf6 2. Nf3 g6 3. Nc3 d5 4. Bf4 Bg7 5. Nb5 Na6 6. e3 O-O 7. h3 c5 8. Be2 Bd7 9. Nc3 c4 10. O-O Nc7 11. a4 b6 12. b3 cxb3 13. cxb3 Rc8 14. Rc1 h6 15. Ne5 Be8 16. b4 Ne6 17. Bh2 Nh7 18. Qb3 f6 19. Nxd5 Rxc1 20. Rxc1 fxe5 21. Nc7 Bf7 22. Nxe6 exd4 23. Bc4 Bxe6 24. Bxe6+ Kh8 25. Rc8 Qxc8 26. Bxc8 Rxc8 27. Bg3 dxe3 28. Qxe3 Nf6 29. Qxe7 1-0


[Site "https://www.chess.com"]

[Event "Titled Tuesday Blitz November 01 Early 2022"]
[White "Gireman, Ja"]
[Black "Kvaloy, Aksel Bu"]
[WhiteFideId "5043794"]
[BlackFideId "1528815"]
[WhiteElo "2153"]
[BlackElo "2178"]
[Result "1-0"]
[Round "07"]
[TimeControl "180+1"]
[Date "2022.11.02"]
[WhiteClock "0:00:52"]
[BlackClock "0:00:25"]

1. e4 e5 2. Nf3 Nf6 3. Nxe5 Nc6 4. Nf3 Nxe4 5. Nc3 Nxc3 6. dxc3 Bc5 7. Bd3 Qe7+ 8. Qe2 Qxe2+ 9. Kxe2 O-O 10. Rd1 d6 11. Kf1 Bg4 12. h3 Bxf3 13. gxf3 Ne5 14. Be2 c6 15. Be3 Rad8 16. b4 Bb6 17. a4 Bxe3 18. fxe3 d5 19. Kf2 Rd6 20. c4 Rfd8 21. cxd5 cxd5 22. f4 Nc6 23. c3 Rh6 24. Bf3 Rxh3 25. Bxd5 Re8 26. Bf3 Rh2+ 27. Bg2 Re6 28. Kg1 Rh4 29. Bxc6 h5 30. Bxb7 Rxe3 31. Bg2 Rxc3 32. Rd2 Rxf4 33. b5 Rg3 34. a5 Rb4 35. b6 a6 36. Kh2 h4 37. b7 Rgb3 38. Rc1 h3 39. Rc8+ Kh7 40. Rdd8 hxg2 41. b8=Q g1=Q+ 42. Kxg1 Rb1+ 43. Kf2 R1b2+ 44. Kg3 R2b3+ 45. Kh2 Rb2+ 46. Kh3 R2b3+ 47. Qg3 Rxg3+ 48. Kxg3 Rb5 49. Rh8+ Kg6 50. Rc6+ Kf5 51. Rxa6 Rb3+ 52. Kf2 g5 53. Ra7 f6 54. Rf8 Ke5 55. Re7+ Kf5 56. Ref7 Rb2+ 57. Ke3 Rb3+ 58. Kd2 Ke4 59. Rxf6 Rb2+ 60. Kc3 Ra2 61. a6 g4 62. Kb3 g3 63. Kxa2 g2 64. Rg6 Ke3 65. Rxg2 Ke4 66. a7 Ke5 67. Re2+ Kd4 68. Rd8+ Kc4 69. Rc2+ Kb4 70. Rb8+ Ka5 71. Rc3 Ka4 72. Ra3# 1-0


[Site "https://www.chess.com"]

[Event "Titled Tuesday Blitz November 01 Early 2022"]
[White "Gorodetzky, David"]
[Black "Bortnyk, Olexandr"]
[WhiteFideId "2813416"]
[BlackFideId "14120828"]
[WhiteElo "2487"]
[BlackElo "2723"]
[Result "0-1"]
[Round "07"]
[TimeControl "180+1"]
[Date "2022.11.01"]
[WhiteClock "0:00:01"]
[BlackClock "0:00:10"]

1. Nf3 d6 2. d4 g6 3. e4 Bg7 4. Nc3 a6 5. a4 b6 6. Bd3 Bb7 7. Ne2 Nd7 8. c3 Ngf6 9. Ng3 e5 10. h3 O-O 11. O-O Re8 12. Re1 Qe7 13. Qc2 c5 14. d5 h6 15. Be3 Kh7 16. Rab1 Rec8 17. Qe2 Qe8 18. Nd2 Ng8 19. Nc4 Bf8 20. b4 Rc7 21. bxc5 Nxc5 22. Nxb6 Ra7 23. a5 Be7 24. Rb4 Bg5 25. Bxc5 Rxc5 26. Reb1 Qd8 27. Na4 Rc7 28. Rb6 Ne7 29. Bxa6 Bxa6 30. Rxa6 Qa8 31. Rbb6 Nc8 32. Rc6 Rxc6 33. Rxc6 Rxa5 34. Nb2 Ra1+ 35. Kh2 Qa2 36. Rxc8 Bf4 37. h4 Qb1 38. Nd1 Qxd1 39. Qxd1 Rxd1 40. c4 Rd2 41. Kg1 Rd4 42. c5 dxc5 43. Rxc5 Kg7 44. Kf1 Kf6 45. Ke2 Bxg3 46. fxg3 Rxe4+ 47. Kf3 Rd4 48. Rc6+ Kf5 49. Rd6 Rd3+ 50. Kf2 h5 51. Rd7 f6 52. Rd6 Rd2+ 53. Kf1 e4 54. Kg1 Rd3 55. Kf2 Rd1 56. Ke2 Rd4 57. Kf2 Rd3 58. Rd7 Ke5 59. d6 Rd2+ 60. Kf1 Rd1+ 61. Kf2 Rxd6 62. Kg1 Rxd7 0-1


[Site "https://www.chess.com"]

[Event "Titled Tuesday Blitz November 01 Early 2022"]
[White "Grandelius, Nils"]
[Black "Kowalczyk, Pawel"]
[WhiteFideId "1710400"]
[BlackFideId "1130641"]
[WhiteElo "2617"]
[BlackElo "2324"]
[Result "1-0"]
[Round "07"]
[TimeControl "180+1"]
[Date "2022.11.01"]
[WhiteClock "0:01:00"]
[BlackClock "0:00:12"]

1. Nf3 c5 2. e3 Nf6 3. d4 g6 4. dxc5 Bg7 5. Nbd2 Qa5 6. a3 Qxc5 7. b4 Qc7 8. Bb2 O-O 9. Be2 d6 10. O-O Nbd7 11. c4 b6 12. e4 Bb7 13. Bd3 Rfe8 14. Rc1 a5 15. Qb3 axb4 16. axb4 Ng4 17. Bxg7 Kxg7 18. Nd4 d5 19. g3 dxe4 20. Bxe4 Bxe4 21. Nxe4 Qe5 22. Qc3 Ngf6 23. Rfe1 Kg8 24. Nc6 Qxc3 25. Rxc3 Nxe4 26. Rxe4 e6 27. Rd4 Nf6 28. Rf3 Nh5 29. Ne5 f5 30. Nd7 Red8 31. Rfd3 Kg7 32. Nxb6 Rxd4 33. Rxd4 Ra1+ 34. Kg2 Rc1 35. Nd7 Nf6 36. Nxf6 Kxf6 37. c5 Ke5 38. Rd6 Rc4 39. Rb6 Kd5 40. Rd6+ Ke5 41. f4+ Kf6 42. Rb6 h6 43. c6 g5 44. fxg5+ hxg5 45. b5 Ke5 46. Rb7 g4 47. c7 Kd6 48. b6 Rc2+ 49. Kf1 Rc1+ 50. Ke2 Rc2+ 51. Kd3 Rc1 52. Rb8 1-0


[Site "https://www.chess.com"]

[Event "Titled Tuesday Blitz November 01 Early 2022"]
[White "Grave, Jacob Templen"]
[Black "Brown, Andrew"]
[WhiteFideId "1542656"]
[BlackFideId "3206513"]
[WhiteElo "2121"]
[BlackElo "2245"]
[Result "0-1"]
[Round "07"]
[TimeControl "180+1"]
[Date "2022.11.02"]
[WhiteClock "0:00:04"]
[BlackClock "0:00:10"]

1. d4 g6 2. c4 Bg7 3. Nc3 d6 4. e4 Nd7 5. Nf3 e5 6. Be2 Ne7 7. O-O O-O 8. Rb1 a5 9. a3 f5 10. b4 axb4 11. axb4 exd4 12. Nxd4 Nf6 13. exf5 Nxf5 14. Nxf5 Bxf5 15. Bd3 Qd7 16. Be3 Ra3 17. Bxf5 Qxf5 18. Nb5 Ra2 19. Nxc7 Ng4 20. Qd5+ Rf7 21. Qxf5 gxf5 22. Nd5 Be5 23. Bf4 Rc2 24. h3 Rxc4 25. hxg4 Bxf4 26. gxf5 h5 27. Rfe1 Be5 28. g3 Kg7 29. Ne3 Rc3 30. b5 Rfc7 31. b6 R7c6 32. Rb5 Ra3 33. Rd5 Ra2 34. Rb5 Bd4 35. Kg2 Rc5 36. Rxc5 Bxc5 37. Kf3 Rb2 38. Ng2 Rxf2+ 39. Ke4 Rxg2 40. Kd5 Rd2+ 41. Ke6 Kf8 42. Kd7 Kf7 43. Re7+ Kf6 44. Rh7 Kxf5 45. Rxh5+ Kg4 46. Rh7 Rb2 47. Kc8 Rxb6 48. Rxb7 Rxb7 49. Kxb7 d5 50. Kc6 d4 51. Kxc5 d3 0-1


[Site "https://www.chess.com"]

[Event "Titled Tuesday Blitz November 01 Early 2022"]
[White "Grover, Sahaj"]
[Black "Jones, Gawain C B"]
[WhiteFideId "5021103"]
[BlackFideId "409561"]
[WhiteElo "2432"]
[BlackElo "2657"]
[Result "1-0"]
[Round "07"]
[TimeControl "180+1"]
[Date "2022.11.01"]
[WhiteClock "0:00:13"]
[BlackClock "0:00:02"]

1. d4 Nf6 2. Bf4 g6 3. Nc3 d5 4. e3 Bg7 5. h4 h5 6. Nf3 O-O 7. Ne5 c5 8. f3 cxd4 9. exd4 Nc6 10. Qd2 Bf5 11. a3 Rc8 12. O-O-O Qa5 13. Kb1 Rfd8 14. Be2 Nxe5 15. Bxe5 b5 16. g4 hxg4 17. fxg4 Ne4 18. Nxe4 Qxd2 19. Nxd2 Bxc2+ 20. Ka2 Bxd1 21. Rxd1 a6 22. Bd3 Bxe5 23. dxe5 d4 24. Nf3 Kg7 25. Kb3 f6 26. Re1 Rc7 27. exf6+ exf6 28. Re6 a5 29. g5 Rf7 30. h5 gxh5 31. g6 Rc7 32. Nh4 Rdd7 33. Re1 Rc5 34. Re8 Re5 35. Rb8 Re3 36. Nf5+ Kxg6 37. Nxe3+ Kg5 38. Rxb5+ Kf4 39. Nd5+ Kf3 40. Nxf6 a4+ 41. Kxa4 Ra7+ 42. Kb4 h4 43. Rh5 Ke3 44. Bc4 Rb7+ 45. Bb5 d3 46. Nd5+ Kf2 47. Nc3 d2 48. Rxh4 Rc7 49. Rd4 Ke1 50. Re4+ Kf2 51. Re2+ Kf3 52. Rxd2 Re7 53. Rd3+ Kf2 54. a4 Ke1 55. a5 Rh7 56. a6 Rh4+ 57. Kb3 Rh7 58. Bc6 Rc7 59. Bb7 Rh7 60. Kb4 Kf2 61. Kb5 Rh5+ 62. Rd5 Rh6 63. a7 Rh8 64. a8=Q Rxa8 65. Bxa8 1-0


[Site "https://www.chess.com"]

[Event "Titled Tuesday Blitz November 01 Early 2022"]
[White "Gurevich, Dmitry"]
[Black "Zacurdajev, Dmitry"]
[WhiteFideId "2000407"]
[BlackFideId "4196309"]
[WhiteElo "2506"]
[BlackElo "2179"]
[Result "1-0"]
[Round "07"]
[TimeControl "180+1"]
[Date "2022.11.02"]
[WhiteClock "0:00:39"]
[BlackClock "0:00:01"]

1. d4 d5 2. c4 e6 3. Nc3 Nf6 4. Nf3 Be7 5. g3 O-O 6. Bg2 dxc4 7. Ne5 Nc6 8. Bxc6 bxc6 9. Nxc6 Qe8 10. Nxe7+ Qxe7 11. Qa4 e5 12. Qxc4 exd4 13. Qxd4 Rd8 14. Qe3 Qd6 15. O-O Bh3 16. Re1 Ng4 17. Qf4 Qc6 18. e4 Rab8 19. Nd5 Re8 20. Be3 Nxe3 21. Rxe3 Rxb2 22. Rc3 Qb5 23. Nxc7 Rb1+ 24. Rxb1 Qxb1+ 25. Rc1 Qxe4 26. Qxe4 Rxe4 27. Nd5 h6 28. f3 Ra4 29. Rc2 Be6 30. Nc3 Rc4 31. Kf2 Kf8 32. Ke3 Ke7 33. Kd3 Rc8 34. g4 Kd6 35. Ne4+ Ke7 36. Rc6 1-0


[Site "https://www.chess.com"]

[Event "Titled Tuesday Blitz November 01 Early 2022"]
[White "Han, Yichen"]
[Black "Winkels, Marcel"]
[WhiteFideId "1054430"]
[BlackFideId "1003887"]
[WhiteElo "2323"]
[BlackElo "1900"]
[Result "1-0"]
[Round "07"]
[TimeControl "180+1"]
[Date "2022.11.02"]
[WhiteClock "0:01:22"]
[BlackClock "0:00:41"]

1. a4 e5 2. h4 Nf6 3. Nh3 Bc5 4. Ra3 Bxa3 5. Nxa3 d5 6. e3 Nc6 7. d4 O-O 8. Be2 Bf5 9. h5 h6 10. c3 Re8 11. Nc2 exd4 12. cxd4 Qd6 13. Nf4 Nb4 14. Na3 Ne4 15. O-O g5 16. hxg6 fxg6 17. Qb3 g5 18. Nb5 Qe7 19. Nxd5 Qf8 20. Nxb4+ Kh8 21. Nxc7 a5 22. Nbd5 Rac8 23. Nxe8 Qxe8 24. Bf3 Nd6 25. Nb6 Rd8 26. Nc4 Be6 27. Nxd6 Rxd6 28. Qxb7 Qxa4 29. Qb8+ Kg7 30. Qxd6 Kf6 31. Qe5+ Kf7 32. Bh5+ Ke7 33. d5 Qd7 34. Qxe6+ Qxe6 35. dxe6 Kxe6 36. Bd2 a4 37. Ra1 Kd5 38. Rxa4 Kc5 39. Bf3 Kb5 40. Rb4+ Kc5 41. Rb8 h5 42. b4+ Kd6 43. b5 Kc7 44. Rb7+ Kc8 45. b6 g4 46. Be4 h4 47. Rh7 h3 48. b7+ Kb8 49. Bc3 1-0


[Site "https://www.chess.com"]

[Event "Titled Tuesday Blitz November 01 Early 2022"]
[White "Harriott, Tyrell"]
[Black "Ginzburg, Yakov"]
[WhiteFideId "2086484"]
[BlackFideId "4157176"]
[WhiteElo "2107"]
[BlackElo "2305"]
[Result "1/2-1/2"]
[Round "07"]
[TimeControl "180+1"]
[Date "2022.11.02"]
[WhiteClock "0:00:09"]
[BlackClock "0:00:25"]

1. d4 d5 2. e3 Nf6 3. Bd3 c5 4. c3 Nc6 5. f4 g6 6. Nf3 Bf5 7. O-O Bxd3 8. Qxd3 e6 9. Nbd2 Be7 10. Ne5 Qb6 11. Kh1 Rd8 12. Qe2 Nd7 13. Qg4 Qa6 14. Kg1 f5 15. Qh3 Ndxe5 16. fxe5 O-O 17. Nf3 Qb6 18. b3 a5 19. Bd2 Ra8 20. Rab1 Qc7 21. Kh1 a4 22. g4 axb3 23. axb3 Ra2 24. Rf2 Qa5 25. Rg1 Ra1 26. Be1 Ra2 27. Bd2 Rxd2 28. Nxd2 Qxc3 29. Nf3 Qxe3 30. Kg2 Qe4 31. gxf5 Rxf5 32. Re1 Rxf3 33. Qxf3 Qxe1 34. Qf7+ Kh8 35. Qe8+ Kg7 36. Qf7+ Kh6 37. Qf4+ Bg5 38. Qf8+ Kh5 39. Qf3+ Kh6 40. Qf8+ Kh5 41. Qf3+ Kh6 42. Qf8+ 1/2-1/2


[Site "https://www.chess.com"]

[Event "Titled Tuesday Blitz November 01 Early 2022"]
[White "Harsh Suresh"]
[Black "Malyi, Viacheslav"]
[WhiteFideId "45018464"]
[BlackFideId "14123983"]
[WhiteElo "2180"]
[BlackElo "2291"]
[Result "1-0"]
[Round "07"]
[TimeControl "180+1"]
[Date "2022.11.02"]
[WhiteClock "0:00:09"]
[BlackClock "0:00:11"]

1. d4 Nf6 2. c4 e6 3. Nc3 d5 4. cxd5 exd5 5. Bg5 Be7 6. e3 c6 7. Bd3 Nbd7 8. Qc2 Nh5 9. Bxe7 Qxe7 10. Nge2 g6 11. Rb1 Ndf6 12. b4 O-O 13. O-O b6 14. a4 Bb7 15. Rfc1 Rac8 16. a5 b5 17. Re1 Rfe8 18. Nc1 a6 19. Nb3 Rcd8 20. Nc5 Bc8 21. Rbd1 Nd7 22. Ne2 Nxc5 23. Qxc5 Qxc5 24. dxc5 f5 25. Nd4 Bd7 26. f3 Ng7 27. Bc2 Ne6 28. Kf2 Nxd4 29. Rxd4 Kf7 30. Red1 Be6 31. e4 Ke7 32. Bb3 fxe4 33. fxe4 Rf8+ 34. Kg3 Rd7 35. exd5 cxd5 36. Re1 Rfd8 37. Kf4 Kf6 38. h4 h6 39. g4 g5+ 40. Kg3 Bg8 41. hxg5+ hxg5 42. Rf1+ Kg6 43. Rf5 Be6 44. Re5 Bf7 45. Bc2+ Kf6 46. Rf5+ Kg7 47. Rxg5+ Kf6 48. Rf5+ Ke7 49. Rdf4 Kf8 50. Kf3 Kg7 51. Rg5+ Kh8 52. Rf6 Bg8 53. Rh6+ Bh7 54. Rgh5 Rf8+ 55. Kg3 Rff7 56. Rxh7+ Rxh7 57. Rxh7+ Rxh7 58. Bxh7 Kxh7 59. c6 1-0


[Site "https://www.chess.com"]

[Event "Titled Tuesday Blitz November 01 Early 2022"]
[White "Ibarra Jerez, Jose Carlos"]
[Black "Narayanan, Srinath"]
[WhiteFideId "2226332"]
[BlackFideId "5018420"]
[WhiteElo "2627"]
[BlackElo "2459"]
[Result "1-0"]
[Round "07"]
[TimeControl "180+1"]
[Date "2022.11.01"]
[WhiteClock "0:00:08"]
[BlackClock "0:00:04"]

1. d4 Nf6 2. Nc3 d5 3. Bf4 e6 4. Nb5 Bb4+ 5. c3 Ba5 6. e3 O-O 7. Bd3 c6 8. Na3 Bc7 9. Nf3 Re8 10. Bxc7 Qxc7 11. Ne5 b6 12. Qe2 a5 13. O-O Ba6 14. c4 Nbd7 15. f4 c5 16. Rac1 Qd6 17. cxd5 Bxd3 18. Qxd3 Qxd5 19. Nb5 Rac8 20. Na7 Rc7 21. Nb5 Rcc8 22. a4 Red8 23. Qa3 cxd4 24. exd4 Ne4 25. Qe7 Nxe5 26. fxe5 Rxc1 27. Qxf7+ Kh8 28. Rxc1 h6 29. h3 Qb3 30. Qf3 Qxb2 31. Rc7 Nd2 32. Qd1 Rg8 33. Rc2 Qb1 34. Rxd2 Qb4 35. Rd3 Qc4 36. d5 exd5 37. Rxd5 Qe4 38. Nd6 Qe3+ 39. Kh1 Rf8 40. Nc4 Qe4 41. Rd8 Rxd8 42. Qxd8+ Kh7 43. Qc7 Qe1+ 44. Kh2 Qc1 45. e6 1-0


[Site "https://www.chess.com"]

[Event "Titled Tuesday Blitz November 01 Early 2022"]
[White "Ilkhomi, Jaloliddin"]
[Black "Omariev, Maksim"]
[WhiteFideId "14700948"]
[BlackFideId "4193423"]
[WhiteElo "2045"]
[BlackElo "2414"]
[Result "1-0"]
[Round "07"]
[TimeControl "180+1"]
[Date "2022.11.02"]
[WhiteClock "0:02:54"]
[BlackClock "0:02:27"]

1. d4 d5 2. Bf4 Nf6 3. e3 c5 4. c3 Nc6 5. Nd2 Qb6 6. Qb3 c4 7. Qc2 g6 8. e4 Nxe4 9. Nxe4 dxe4 10. Bxc4 Bf5 11. Be3 Bg7 12. d5 1-0


[Site "https://www.chess.com"]

[Event "Titled Tuesday Blitz November 01 Early 2022"]
[White "Ismayil, Malak"]
[Black "Gulevich, Artem"]
[WhiteFideId "13412604"]
[BlackFideId "24119580"]
[WhiteElo "1879"]
[BlackElo "2218"]
[Result "1-0"]
[Round "07"]
[TimeControl "180+1"]
[Date "2022.11.02"]
[WhiteClock "0:02:17"]
[BlackClock "0:02:13"]

1. e4 c5 2. Nf3 Nc6 3. Bb5 Qb6 4. Bxc6 bxc6 5. d3 g6 6. O-O Bg7 7. Nc3 d6 8. h3 e5 9. Na4 Qc7 10. c3 f5 11. Re1 Ne7 12. d4 cxd4 13. cxd4 O-O 14. dxe5 dxe5 15. Qb3+ Kh8 16. Ng5 Ng8 17. Nc5 Rb8 18. Qc4 Re8 19. Nf7+ 1-0


[Site "https://www.chess.com"]

[Event "Titled Tuesday Blitz November 01 Early 2022"]
[White "Itkis, Boris"]
[Black "Pap, Gyula"]
[WhiteFideId "1209167"]
[BlackFideId "725323"]
[WhiteElo "2232"]
[BlackElo "2519"]
[Result "0-1"]
[Round "07"]
[TimeControl "180+1"]
[Date "2022.11.02"]
[WhiteClock "0:00:05"]
[BlackClock "0:00:39"]

1. c4 e6 2. Nf3 Nf6 3. g3 a6 4. Bg2 b5 5. b3 Bb7 6. O-O c5 7. Bb2 Be7 8. e3 O-O 9. Qe2 d6 10. Ne1 Bxg2 11. Nxg2 Nc6 12. f4 d5 13. Na3 bxc4 14. bxc4 d4 15. g4 Rb8 16. Rab1 Qa5 17. d3 dxe3 18. Nxe3 Nd4 19. Qg2 Rfd8 20. g5 Ne8 21. Ng4 Nd6 22. Bxd4 cxd4 23. Nc2 Nf5 24. Rxb8 Rxb8 25. Kh1 Qxa2 26. h3 Bf8 27. Rf2 Rb2 28. Kh2 a5 29. Ne5 Ne3 0-1


[Site "https://www.chess.com"]